 Dungeon Crawl Stone Soup version 0.26.1-11-gd32895ea62 (webtiles) character file.

Game seed: 866696013219816106

39 Zeld the Sneak (level 3, 0/24 HPs)
             Began as an Octopode Brigand on May 16, 2021.
             Slain by a worker ant (8 damage)
             ... on level 4 of the Dungeon.
             The game lasted 00:01:12 (618 turns).

Zeld the Sneak (Octopode Brigand)                    Turns: 618, Time: 00:01:12

Health: 0/24       AC:  1    Str: 11    XL:     3   Next: 47%
Magic:  4/5        EV: 13    Int: 13    God:
Gold:   14         SH:  0    Dex: 13    Spells: 4/4 levels left

rFire    . . .     SeeInvis .   a - +2 dagger
rCold    . . .     Faith    .   (no shield)
rNeg     . . .     Spirit   .   (helmet restricted)
rPois    .         Reflect  .   (no amulet)
rElec    .         Harm     .   (no ring)
rCorr    .         Rampage  .   (no ring)
Will     .....                  (no ring)
Stlth    ++++......             (no ring)
HPRegen  0.08/turn              (no ring)
MPRegen  0.09/turn              (no ring)
                                (no ring)
                                (no ring)

@: no status effects
A: almost no armour, stealthy swim, amphibious, 8 rings, constrict 8, camouflage
1, gelatinous body 1
a: no special abilities


You were on level 4 of the Dungeon.
You visited 1 branch of the dungeon, and saw 4 of its levels.

You collected 14 gold pieces.

Inventory:

Hand Weapons
 a - a +2 dagger (weapon)
Missiles
 b - 8 poisoned darts (quivered)
 c - 2 curare-tipped darts
Scrolls
 d - a scroll of remove curse {unknown}


   Skills:
 - Level 2.0 Fighting
 - Level 2.0 Short Blades
 * Level 3.2 Throwing
 - Level 1.0 Dodging
 - Level 5.3 Stealth
 + Level 1.3 Spellcasting


You had 4 spell levels left.
You didn't know any spells.
Your spell library was empty.

Dungeon Overview and Level Annotations

Branches:
Dungeon (4/15)
 Temple: D:4-7

Altars:
Nemelex Xobeh


Innate Abilities, Weirdness & Mutations

You cannot wear most types of armour.
You are very stealthy in the water. (Stealth+)
You are amphibious.
You can wear up to eight rings at the same time.
You can use your tentacles to constrict eight enemies at once.
Your skin changes colour to match your surroundings (Stealth+).
Your rubbery body absorbs attacks. (AC +1, EV +1)


Message History

The worker ant bites you.
You are too injured to fight recklessly!
You are too injured to fight recklessly!
You hit the worker ant but do no damage.
You grab the worker ant.
You constrict the worker ant, but do no damage.
The worker ant bites you.
You are too injured to fight recklessly!
You hit the worker ant but do no damage.
You squeeze the worker ant.
The worker ant is moderately wounded.
You constrict the worker ant, but do no damage.
The worker ant closely misses you.
You hit the worker ant.
The worker ant is heavily wounded.
You constrict the worker ant. The worker ant barely misses you.
You barely miss the worker ant.
The worker ant is heavily wounded.
You constrict the worker ant. The worker ant bites you!
You die...

.Z .....#...
...### ....#.B.
..#.. .......
.... #....#
#..###...#
#..##..###
##...#.B..##
#......@...#
#..<#....#..#
...$...........##
...#..#........#
## #..........##
#...#..#..###
....##.....#
..... ##....#
.... #####


You could see a worker ant.

Vanquished Creatures
  An adder (D:2)
  A dart slug (D:1)
  A leopard gecko (D:1)
  An orc (D:3)
  A ball python (D:3)
  2 bats
  A giant cockroach (D:1)
  2 goblins
  5 hobgoblins
  3 jackals (D:4)
  2 kobolds (D:1)
  A frilled lizard (D:2)
  A rat (D:3)
22 creatures vanquished.

Notes
Turn   | Place    | Note
-------+----------+-------------------------------------------
     0 | D:1      | Zeld the Octopode Brigand began the quest for the Orb.
     0 | D:1      | Reached XP level 1. HP: 14/14 MP: 1/1
    57 | D:1      | Reached XP level 2. HP: 8/19 MP: 2/2
   147 | D:2      | Reached skill level 1 in Spellcasting
   226 | D:2      | Reached XP level 3. HP: 7/24 MP: 4/4
   581 | D:3      | Found a sparkling altar of Nemelex Xobeh.
   618 | D:4      | Slain by a worker ant

Illustrated notes

Levels and vault maps discovered:
D:1:      dpeg_arrival_rhombus, layout_loops_ring, minmay_pentomino_o4
D:2:      minmay_wonky_spiral, layout_rooms, lemuel_round_altar, uniq_jessica
D:3:      layout_basic, nemelex_xobeh_ov_fountains_minmay,
          lemuel_coloured_pillars_altar, minivault_25
D:4:      layout_cave_pools, nicolae_ru_path_of_blood, minmay_misc_feat_pillars

Skill      XL: |  1  2 |
---------------+-------+-----
Spellcasting   | 1 |  1.3
Throwing       | 3 |  3.2
Fighting       | |  2.0
Short Blades   | |  2.0
Dodging        | |  1.0
Stealth        | |  5.3

Action                   || total
-------------------------++-------
Melee: Dagger            ||    46
       Constrict         ||    17
       Tentacles         ||     6
 Stab: Sleeping          ||     4
Armor: Skin              ||     2
Dodge: Dodged            ||    23
